 Dungeon Crawl Stone Soup version 0.21-a0-154-gb5400c9 (webtiles) character file.

4151 mgis the Carver (level 10, 0/71 HPs)
             Began as a Demonspawn Gladiator on Aug 2, 2017.
             Was an Elder of Okawaru.
             Slain by a swamp worm (17 damage)
             ... on level 7 of the Dungeon.
             The game lasted 00:17:38 (9839 turns).

mgis the Carver (Demonspawn Gladiator)              Turns: 9839, Time: 00:17:38

Health: 0/71       AC:  6    Str: 19    XL:     10   Next: 7%
Magic:  0/14       EV: 16    Int:  9    God:    Okawaru [****..]
Gold:   279        SH:  9    Dex: 16    Spells: 9/9 levels left

rFire    + . .     SeeInvis .   b - +2 long sword (vamp)
rCold    + . .     Gourm    .   e - +3 buckler
rNeg     . . .     Faith    .   n - +1 ring mail
rPois    .         Spirit   +   (helmet restricted)
rElec    .         Reflect  .   (no cloak)
rCorr    .         Harm     .   (no gloves)
MR       .....                  (no boots)
Stlth    +.........             (no amulet)
HPRegen  0.21/turn              o - +2 ring of dexterity
MPRegen  0.14/turn              (no ring)

@: no status effects
A: antennae 2, claws 1, fangs 1, repulsion field 2, cold resistance 1, fire
resistance 1, magic shield
a: Heroism, Renounce Religion


You were on level 7 of the Dungeon.
You worshipped Okawaru.
Okawaru was greatly pleased with you.
You were hungry.

You visited 1 branch of the dungeon, and saw 8 of its levels.

You collected 431 gold pieces.
You spent 152 gold pieces at shops.

Inventory:

Hand Weapons
 b - a +2 vampiric long sword (weapon)
Armour
 d - a +2 plate armour of poison resistance
 e - a +3 buckler (worn)
 n - a +1 ring mail (worn)
Jewellery
 c - a +2 ring of intelligence
 o - a +2 ring of dexterity (left claw)
 q - an uncursed ring of wizardry
Wands
 a - a wand of confusion (25/48)
 k - a wand of acid (0/15)
 r - a wand of digging (11/24)
 t - a wand of clouds (0/9)
Scrolls
 l - a scroll of immolation
 m - a scroll of teleportation
Potions
 g - a potion of flight
 h - 2 potions of brilliance
Comestibles
 f - 6 bread rations
 i - 7 fruits
 j - a royal jelly
 p - 3 meat rations


   Skills:
 + Level 4.0 Fighting
 * Level 9.5 Long Blades
 - Level 1.7 Throwing
 + Level 4.2 Armour
 + Level 4.5 Dodging
 + Level 5.6 Shields
 * Level 5.9 Invocations


You had 9 spell levels left.
You didn't know any spells.

Dungeon Overview and Level Annotations

Branches:
Dungeon (8/15)             Temple (0/1) D:5
   Lair: D:8-11

Altars:
Cheibriados
Fedhas
Gozag
Hepliaklqana
Makhleb
Nemelex Xobeh
Okawaru
Ru
Uskayaw
The Shining One

Shops:
D:5 *

Annotations:
D:7 1 runed door, Prince Ribbit
D:8 Lunath's ghost, novice MiFi


Innate Abilities, Weirdness & Mutations

You have a pair of antennae on your head.
You are surrounded by a moderate repulsion field. (EV +3)
When hurt, damage is shared between your health and your magic reserves.
You have sharp fingernails.
You have very sharp teeth.
Your flesh is cold resistant. (rC+)
Your flesh is heat resistant. (rF+)


Message History

You hit the swamp worm.
You feel better.
The swamp worm is severely wounded.
You block the swamp worm's attack.
Unknown command.
You hit the swamp worm but do no damage.
Your bite misses the swamp worm.
The swamp worm is severely wounded.
The swamp worm closely misses you.
You barely miss the swamp worm.
You bite the swamp worm, but do no damage.
The swamp worm is severely wounded.
You block the swamp worm's attack. The swamp worm bites you!!
* * * LOW HITPOINT WARNING * * *
You slash the swamp worm!
You kill the swamp worm!
Okawaru accepts your kill.
You slash the swamp worm!
The swamp worm is moderately wounded.
The swamp worm bites you!!
You die...

##.....## ### #.# #.###
#.......## ##.###.# #.#.##
.........####)..##.#######....###
.........'.[>...†................
.........####).....######.....###
#.......## ##.#.### #.....#
##.....## ###.# #.#.#.# ##...##
#w# #.....# ##'## #@# ###.### #.#
#.# #.# ####.###### #.# #.#####
#.........# #.# #.##...
#.#...#.#.# #.# #.##.##
#.......#.# #.# #.##.#
......#.#.# #.# #....#
#.#...#.#.######.# ######
#.#.#............#


You could see a swamp worm.

Vanquished Creatures
  2 hippogriffs (D:7)
  A wyvern (D:8)
  Menkaure (D:7)
  2 wargs
  2 swamp worms
  A sky beast (D:6)
  2 orc warriors
  2 ice beasts
  2 ogres
  A necrophage (D:8)
  A black bear (D:6)
  2 centaurs
  2 gnoll sergeants
  A wyvern zombie (D:8)
  3 bullfrogs
  Dowan (D:6)
  4 scorpions
  6 killer bees (D:7)
  A centaur zombie (D:8)
  2 crimson imps
  4 hounds (D:7)
  A quasit (D:7)
  A bullfrog zombie (D:5)
  A jelly (D:7)
  2 orc priests
  7 orc wizards
  A bullfrog skeleton (D:6)
  2 centaur skeletons (D:7)
  2 iguanas
  3 worker ants
  A hound zombie (D:7)
  A hound skeleton (D:7)
  7 gnolls
  13 adders
  An ooze (D:1)
  14 worms
  A dart slug (D:5)
  3 leopard geckos
  24 orcs
  9 bats
  4 giant cockroaches
  9 hobgoblins
  25 jackals
  5 kobolds
  4 ball pythons
  2 frilled lizards
  A giant cockroach zombie (D:5)
  7 goblins
  A quokka zombie (D:7)
  10 rats
205 creatures vanquished.

Vanquished Creatures (others)
  Duvessa (D:6)
  2 plants (D:8)
3 creatures vanquished.

Grand Total: 208 creatures vanquished

Notes
Turn   | Place    | Note
-------+----------+-------------------------------------------
     0 | D:1      | mgis the Demonspawn Gladiator began the quest for the Orb.
     0 | D:1      | Reached XP level 1. HP: 16/16 MP: 1/1
   164 | D:1      | Gained mutation: You have a pair of small antennae on your head. [demonic ancestry]
   164 | D:1      | Reached XP level 2. HP: 22/22 MP: 2/2
   213 | D:1      | Reached skill level 3 in Long Blades
   671 | D:1      | Gained mutation: When hurt, damage is shared between your health and your magic reserves. [demonic ancestry]
   671 | D:1      | Reached XP level 3. HP: 21/27 MP: 3/3
  1581 | D:2      | Found an iron altar of Okawaru.
  1589 | D:2      | Became a worshipper of Warmaster Okawaru
  1656 | D:2      | Reached skill level 4 in Long Blades
  1656 | D:2      | Gained mutation: You are surrounded by a mild repulsion field. (EV +2) [demonic ancestry]
  1656 | D:2      | Reached XP level 4. HP: 33/33 MP: 4/4
  2070 | D:3      | Found a hide-covered altar of Uskayaw.
  2433 | D:3      | Found a sparkling altar of Nemelex Xobeh.
  2433 | D:3      | Found a blossoming altar of Fedhas.
  2547 | D:3      | Reached skill level 1 in Armour
  2570 | D:3      | Found a glowing drain.
  3109 | D:4      | Found a snail-covered altar of Cheibriados.
  3125 | D:4      | Reached XP level 5. HP: 17/38 MP: 2/5
  3397 | D:4      | Noticed an ogre
  3414 | D:4      | Killed an ogre
  3414 | D:4      | Reached skill level 5 in Long Blades
  3564 | D:4      | Reached * piety under Okawaru
  3584 | D:4      | Reached XP level 6. HP: 38/44 MP: 4/6
  3869 | D:4      | Gained mutation: You have sharp fingernails. [potion of mutation]
  3869 | D:4      | Gained mutation: Your flesh is heat resistant. (rF+) [potion of mutation]
  3869 | D:4      | Gained mutation: Your flesh is cold resistant. (rC+) [potion of mutation]
  3869 | D:4      | Gained mutation: You have very sharp teeth. [potion of mutation]
  4449 | D:5      | Entered Level 5 of the Dungeon
  4452 | D:5      | Reached skill level 6 in Long Blades
  4452 | D:5      | Reached XP level 7. HP: 51/51 MP: 7/7
  4496 | D:5      | Found an opulent altar of Gozag.
  4541 | D:5      | Reached skill level 1 in Shields
  4602 | D:5      | Found a staircase to the Ecumenical Temple.
  4945 | D:5      | Found a glowing golden altar of the Shining One.
  5003 | D:5      | Found a burning altar of Makhleb.
  5445 | D:5      | Found Puvvuczam's Assorted Antiques.
  5448 | D:5      | Bought a scroll of identify for 38 gold pieces
  5448 | D:5      | Bought a glowing wooden ring for 95 gold pieces
  5449 | D:5      | Bought a scroll labeled CIUTHU NEEPOGIB for 19 gold pieces
  5631 | D:6      | Noticed Duvessa
  5631 | D:6      | Noticed Dowan
  5642 | D:6      | Reached ** piety under Okawaru
  5655 | D:6      | Killed Duvessa
  5663 | D:6      | Killed Dowan
  5871 | D:6      | Reached skill level 1 in Invocations
  5871 | D:6      | Reached XP level 8. HP: 44/57 MP: 8/8
  6530 | D:6      | Found a hazy altar of Hepliaklqana.
  6630 | D:6      | Reached skill level 7 in Long Blades
  7159 | D:7      | Found a sacrificial altar of Ru.
  7216 | D:7      | Reached *** piety under Okawaru
  7451 | D:7      | Gained mutation: You are surrounded by a moderate repulsion field. (EV +3) [demonic ancestry]
  7451 | D:7      | Reached XP level 9. HP: 51/63 MP: 7/11
  7498 | D:7      | Found a glowing golden altar of the Shining One.
  7499 | D:7      | Found a runed door.
  7499 | D:7      | Noticed an angel
  7638 | D:7      | Reached skill level 8 in Long Blades
  7638 | D:7      | Reached skill level 5 in Shields
  7914 | D:7      | Noticed Menkaure
  7921 | D:7      | Killed Menkaure
  8437 | D:8      | Reached **** piety under Okawaru
  8456 | D:8      | Noticed Prince Ribbit
  8576 | D:8      | Reached skill level 5 in Invocations
  8600 | D:8      | Noticed Lunath's ghost (novice MiFi)
  8654 | D:7      | Reached skill level 9 in Long Blades
  9628 | D:7      | Gained mutation: You have a pair of antennae on your head. [demonic ancestry]
  9628 | D:7      | Reached XP level 10. HP: 71/71 MP: 14/14
  9839 | D:7      | Slain by a swamp worm

Vault maps used:
D:1:      dpeg_arrival_windows_large_door
D:2:      okawaru_ov_weapons_minmay
D:3:      lemuel_crystal_altar, gammafunk_temple_overflow_statue,
          portal_sewer_entry_a, kennysheep_generic_room_5
D:4:      lemuel_crystal_altar
D:5:      nicolae_gozag_cash_rules_everything_around_me,
          minmay_temple_entry_glass, first_bread, basic_altar, serial_shops,
          kennysheep_mini_moat, bloody_makhleb
D:6:      nicolae_overflow_crystal_walls, uniq_duvessa
D:7:      nicolae_ru_the_path_less_chosen, lemuel_angel_altar, uniq_menkaure
D:8:      erik_lair_orcish_takeover, grunt_livestock, worms_lemuel,
          uniq_prince_ribbit1

Skill      XL: |  1  2  3  4  5  6  7  8  9 10 |
---------------+-------------------------------+-----
Long Blades    | 3 4 5 6 7 9 |  9.5
Dodging        | 3 4 |  4.5
Armour         | 1 2 3 4 |  4.2
Shields        | 4 5 |  5.6
Invocations    | 1 3 5 |  5.9
Fighting       | 3 4 |  4.0
Throwing       | |  1.7

Action                   |  1- 3 |  4- 6 |  7- 9 | 10-12 || total
-------------------------+-------+-------+-------+-------++-------
Melee: Long sword        |    96 |   180 |   482 |    43 ||   801
       Bite              |       |     3 |    84 |     5 ||    92
Invok: Heroism           |       |       |     2 |       ||     2
Evoke: Wand              |       |     2 |     4 |       ||     6
  Use: Scroll            |       |    11 |     8 |       ||    19
       Potion            |       |     6 |     5 |     1 ||    12
 Stab: Sleeping          |     1 |       |       |       ||     1
       Invisible         |       |       |     5 |       ||     5
  Eat: Chunk             |     2 |     9 |    16 |       ||    27
       Bread ration      |       |       |     1 |       ||     1
       Royal jelly       |       |       |     1 |       ||     1
Armor: Leather armour    |    21 |       |       |       ||    21
       Ring mail         |    21 |    52 |    88 |     9 ||   170
       Skin              |       |    63 |    12 |       ||    75
Dodge: Dodged            |    84 |   148 |   301 |    16 ||   549
Block: Buckler           |       |       |   205 |    26 ||   231
       Rpst.: Long sword |    33 |    43 |    90 |     5 ||   171
